 Dungeon Crawl Stone Soup version 0.31-a0-743-g45f7035092 (webtiles) character file.

Game seed: 3460042873243448651

25 ooooo the Conjurer (level 3, 0/21 HPs)
             Began as an Octopode Conjurer on Sept 12, 2023.
             Slain by Terence
             ... wielding a +0 mace
              (6 damage)
             ... on level 2 of the Dungeon.
             The game lasted 00:02:56 (1336 turns).

ooooo the Conjurer (Octopode Conjurer)              Turns: 1336, Time: 00:02:56

Health: 0/21       AC:  1    Str:  6    XL:     3   Next: 6%
Magic:  2/6        EV: 13    Int: 22    God:
Gold:   49         SH:  0    Dex: 10    Spells: 3/6 levels left

rFire   . . .        e - +0 dagger
rCold   . . .        (no shield)
rNeg    + . .        (helmet restricted)
rPois   .            (no amulet)
rElec   .            f - ring of positive energy
rCorr   +            b - ring of resist corrosion
SInv    .            (no ring)
Will    .....        (no ring)
Stlth   +++          (no ring)
HPRegen 0.23/turn    (no ring)
MPRegen 0.10/turn    (no ring)
                     (no ring)

%: no passive effects
@: no status effects
A: almost no armour, amphibious, 8 rings, camouflage 1, gelatinous body 1,
(nimble swimmer 1), tentacles
a: no special abilities


You were on level 2 of the Dungeon.
You visited 1 branch of the dungeon, and saw 2 of its levels.

You collected 49 gold pieces.

Inventory:

Hand Weapons
 e - a +0 dagger (weapon)
Jewellery
 b - a ring of resist corrosion (right tentacle)
 f - a ring of positive energy (left tentacle)
 i - a +6 ring of strength
Scrolls
 c - a scroll of identify
Potions
 a - a potion of magic
 d - a potion of brilliance {unknown}
 g - 2 potions of cancellation
 h - a potion of degeneration {unknown}


   Skills:
 - Level 2.0 Dodging
 - Level 2.6 Stealth
 - Level 2.0 Spellcasting
 + Level 4.9 Conjurations


You had 3 spell levels left.
You knew the following spells:

 Your Spells              Type           Power      Damage    Failure   Level
a - Searing Ray           Conj           48%        2d6       2%          2
b - Magic Dart            Conj           96%        1d7       1%          1

Your spell library contained the following spells:

 Spells                   Type           Power      Damage    Failure   Level
 Dazzling Flash           Conj/Hex       26%        N/A       16%         3
 Hailstorm                Conj/Ice       13%        3d5       16%         3
 Fulminant Prism          Conj/Hex       6%         3d6       45%         4
 Iskenderun's Mystic Bla  Conj/Tloc      13%        2d5       45%         4
 Summon Ice Beast         Ice/Summ       2%         N/A       80%         4
 Simulacrum               Ice/Necr       1%         N/A       100%        6


Dungeon Overview and Level Annotations

Branches:
Dungeon (2/15) Zot: 10664

Altars:

Annotations:
D:2 Terence


Innate Abilities, Weirdness & Mutations

You cannot wear most types of armour.
You are amphibious.
You can wear up to eight rings at the same time.
Your skin changes colour to match your surroundings (Stealth+).
Your rubbery body absorbs attacks. (AC +1, EV +1)
((You are camouflaged when in or above water. (Stealth+)))
You have tentacles for arms and can constrict up to eight enemies at once.


Message History

Terence shouts!
The gnoll moves out of view.
You see here a jackal corpse.
Casting: Searing Ray (safe; 2% risk of failure)
Confirm with . or Enter, or press ? or * to list all spells.
Aiming: Searing Ray (safe; 2% risk of failure)
Press: ? - help, Shift-Dir - straight line, f - Terence
Aim: Terence, wielding a +0 mace and wearing a +0 scale mail (82% to hit)
The searing ray hits Terence.
Terence is moderately wounded. (Press . to maintain the ray.) Unknown command.
The searing ray hits Terence but does no damage.
Terence is moderately wounded.
The searing ray hits Terence.
Terence is moderately wounded.
The searing ray hits Terence!
Terence is severely wounded.
You finish channelling your searing ray.
A gnoll comes into view. It is wielding a +0 spear.
Terence misses you.
Casting: Searing Ray (safe; 2% risk of failure)
Confirm with . or Enter, or press ? or * to list all spells.
You don't have enough magic to cast this spell.
Casting: Searing Ray (safe; 2% risk of failure)
Confirm with . or Enter, or press ? or * to list all spells.
You don't have enough magic to cast this spell.
Unknown command.
Terence attacks as he pursues you! Terence misses you.
A gnoll comes into view. It is wielding a +0 club.
Terence attacks as he pursues you! Terence closely misses you.
Terence attacks as he pursues you! Terence hits you with a +0 mace.
Terence attacks as he pursues you! Terence hits you with a +0 mace.
Terence attacks as he pursues you! Terence hits you with a +0 mace!
* * * LOW HITPOINT WARNING * * *
As you read the scroll labelled FAXUOCU KYLE, it crumbles to dust.
It is a scroll of identify.
g - 2 potions of cancellation Terence hits you with a +0 mace.
You die...

... ## .. .. .. .. .###.
... ...
....###########.#
..............#.######
#.........g.@@.....###
#?[...†.....#.#......#
#....................#
..............##.......#
..............###......#
..............# #......#
.....g........# #......#
..............# #......#
............## #......#


You could see Terence and a gnoll.

Vanquished Creatures
  3 bats
  An endoplasm (D:1)
  A giant cockroach (D:1)
  A hobgoblin (D:1)
  6 jackals
  2 quokkas (D:1)
  3 ball pythons
  A frilled lizard (D:1)
  2 kobolds (D:1)
  A rat (D:1)
21 creatures vanquished.

Notes
Turn   | Place    | Note
-------+----------+-------------------------------------------
     0 | D:1      | ooooo the Octopode Conjurer began the quest for the Orb.
     0 | D:1      | Reached XP level 1. HP: 11/11 MP: 3/3
   347 | D:1      | Reached XP level 2. HP: 9/17 MP: 1/5
   690 | D:1      | Learned a level 2 spell: Searing Ray
  1275 | D:2      | Reached XP level 3. HP: 21/21 MP: 3/6
  1322 | D:2      | Noticed Terence
  1336 | D:2      | Slain by Terence

Illustrated notes

Levels and vault maps discovered:
D:1:      minmay_arrival_jagged, layout_loops_ring
D:2:      wad_woods_tower, layout_basic, uniq_terence

Action                     || total
---------------------------++-------
  Melee: Unarmed           ||    20
         Constrict         ||     6
         Tentacles         ||     6
         Dagger            ||    12
   Cast: Magic Dart        ||    21
         Searing Ray       ||     2
    Use: Scroll            ||     1
   Stab: Sleeping          ||     5
 Armour: Skin              ||    20
  Dodge: Dodged            ||    33

Table legend: (Time is in decaauts)
 A = Elapsed time spent in this place.
 B = Non-inter-level travel time spent in this place.
 C = Inter-level travel time spent in this place.
 D = Time resting spent in this place.
 E = Time spent auto-exploring this place.
 F = Levels seen in this place.
 G = Mean time per level.
                   A        B        C        D        E       F      G
               +--------+--------+--------+--------+--------+-----+--------+
         Total |   1334 |   1266 |     68 |    305 |    786 |   2 |  667.0 |
       Dungeon |   1334 |   1266 |     68 |    305 |    786 |   2 |  667.0 |
               +--------+--------+--------+--------+--------+-----+--------+

Top non-repeatable levels by time:
     D:1: 1209 daAuts
     D:2: 124 daAuts
